 Dungeon Crawl Stone Soup version 0.25-a0-663-gace7076f2c (webtiles) character file.

Game seed: 4557993495267087597, levelgen mode: deterministic

137 Alarkh the Slasher (level 5, 40/41 HPs)
             Began as a Demonspawn Fighter on Mar 25, 2020.
             Got out of the dungeon alive.
             The game lasted 00:02:39 (2435 turns).

Alarkh the Slasher (Demonspawn Fighter)             Turns: 2435, Time: 00:02:40

Health: 40/41      AC: 11    Str: 17      XL:     5   Next: 0%
Magic:  5/5        EV:  6    Int:  9 (10) God:
Gold:   130        SH:  8    Dex: 11 (12) Spells: 4/4 levels left

rFire    . . .     SeeInvis .   p - +0 scimitar
rCold    . . .     Gourm    .   c - +0 kite shield
rNeg     . . .     Faith    .   b - +1 scale mail
rPois    .         Spirit   .   (no helmet)
rElec    .         Reflect  .   m - +0 cloak
rCorr    .         Harm     .   (no gloves)
MR       .....                  (no boots)
Stlth    ..........             (no amulet)
HPRegen  0.13/turn              (no ring)
MPRegen  0.09/turn              (no ring)

@: no status effects
A: thin metallic scales 2, powered by pain 1
a: no special abilities


You escaped.
You were not hungry.

You visited 1 branch of the dungeon, and saw 3 of its levels.

You collected 130 gold pieces.

Inventory:

Hand Weapons
 a - a +0 long sword
 p - a +0 scimitar (weapon)
Armour
 b - a +1 scale mail (worn)
 c - a +0 kite shield (worn)
 m - a +0 cloak (worn)
Scrolls
 h - a scroll of immolation {unknown}
 i - a scroll of blinking {unknown}
 k - a scroll of fog {unknown}
 n - a scroll of remove curse
Potions
 d - a potion of might
 e - a potion of resistance {unknown}
 j - a potion of degeneration
 l - a potion of ambrosia {unknown}
Comestibles
 f - 5 rations
 g - 8 chunks of flesh


   Skills:
 - Level 3.0 Fighting
 + Level 4.7 Long Blades
 - Level 2.6 Armour
 - Level 2.6 Shields


You had 4 spell levels left.
You didn't know any spells.
Your spell library was empty.

Dungeon Overview and Level Annotations

Branches:
Dungeon (3/15)

Altars:


Innate Abilities, Weirdness & Mutations

You are mostly covered in thin metallic scales. (AC +3)
You sometimes gain a little power by taking damage.


Message History

Your demonic ancestry asserts itself...
Thin metallic scales spread over more of your body.
You start resting.
Some of the chunks of flesh in your inventory have rotted away.
HP restored.
g - 5 chunks of flesh (gained 4)
Items here: ( ) [ ÷ a +0 dagger; 2 boomerangs; a +0 ring mail; an orc skeleton
Items here: ( ) [ ÷ a +0 dagger; 2 boomerangs; a +0 ring mail; an orc skeleton
g - 6 chunks of flesh (gained 1);
g - 9 chunks of flesh (gained 3)
Items here: ( )) [ ÷÷ x2
There is an escape hatch in the ceiling here.
A mysterious force pulls you upwards. The hatch slams shut behind you.
There is an escape hatch in the ceiling here.
A mysterious force pulls you upwards. The hatch slams shut behind you.
Some of the chunks of flesh in your inventory have rotted away.
There is a staircase leading out of the dungeon here.
Are you sure you want to leave the Dungeon?
This will make you lose the game!
You have escaped!

########..............##########.
.................................
...)............#.###############
................#..#
###############....# #
##.......## #....#
###.........###....#
##......÷....##....#
.....).(.......#@..#
##......÷....##...##
###.........###...# # ##.......##
#...# ###############...#
................###
................#
.....##.######### ####....#


There were no monsters in sight!

Vanquished Creatures
  2 orc wizards (D:3)
  An adder (D:2)
  2 worms (D:2)
  2 dart slugs (D:1)
  3 leopard geckos (D:1)
  3 orcs (D:3)
  A ball python (D:1)
  2 giant cockroaches
  5 goblins
  9 hobgoblins
  3 jackals (D:2)
  3 bats
  4 frilled lizards
  5 kobolds
  18 rats
63 creatures vanquished.

Notes
Turn   | Place    | Note
-------+----------+-------------------------------------------
     0 | D:1      | Alarkh the Demonspawn Fighter began the quest for the Orb.
     0 | D:1      | Reached XP level 1. HP: 18/18 MP: 1/1
     8 | D:1      | Reached skill level 2 in Long Blades
    31 | D:1      | Gained mutation: You sometimes gain a little power by
                  | taking damage. [demonic ancestry]
    31 | D:1      | Reached XP level 2. HP: 15/24 MP: 2/2
   293 | D:1      | Reached skill level 3 in Long Blades
   349 | D:1      | Gained mutation: You are partially covered in thin metallic
                  | scales. (AC +2) [demonic ancestry]
   349 | D:1      | Reached XP level 3. HP: 15/29 MP: 3/3
  1677 | D:2      | Reached XP level 4. HP: 33/35 MP: 4/4
  1694 | D:2      | Reached skill level 4 in Long Blades
  2300 | D:3      | Gained mutation: You are mostly covered in thin metallic
                  | scales. (AC +3) [demonic ancestry]
  2300 | D:3      | Reached XP level 5. HP: 22/41 MP: 5/5
  2435 | D:$      | Got out of the dungeon alive.

Levels and vault maps discovered:
D:1:      erik_arrival_orb_chamber, layout_basic,
          wander_ebering_terrifying_dragon_lair
D:2:      layout_basic
D:3:      minmay_goblin_kobold_castle, layout_rooms,
          chequers_serial_rivers_micro_c

Skill      XL: |  1  2  3  4 |
---------------+-------------+-----
Long Blades    | 2 3 4 |  4.7
Fighting       | |  3.0
Armour         | |  2.6
Shields        | |  2.6

Action                   |  1- 3 |  4- 6 || total
-------------------------+-------+-------++-------
Melee: Long sword        |   185 |    10 ||   195
       Scimitar          |       |    44 ||    44
  Use: Scroll            |       |     5 ||     5
       Potion            |       |     1 ||     1
  Eat: Chunk             |     3 |     2 ||     5
Armor: Scale mail        |   104 |    36 ||   140
Dodge: Dodged            |    45 |    17 ||    62
Block: Kite shield       |   109 |    28 ||   137
       Rpst.: Long sword |    16 |     1 ||    17
       Scimitar          |       |     5 ||     5

Table legend:
 A = Non-vault XP
 B = Vault XP
 C = Vault XP percentage of total XP
 D = Non-vault monster count
 E = Vault monster count
 F = Vault count percentage of total count
                 A         B        C        D         E       F
            +---------+---------+-------+---------+---------+-------
      Total |     183 |      13 |   6.6 |      50 |      13 |  20.6
            +---------+---------+-------+---------+---------+-------
        D:1 |      52 |      13 |  20.0 |      27 |      13 |  32.5
        D:2 |      46 |       0 |   0.0 |      16 |       0 |   0.0
        D:3 |      85 |       0 |   0.0 |       7 |       0 |   0.0
            +---------+---------+-------+---------+---------+-------
